 Dungeon Crawl Stone Soup version 0.19.1 (webtiles) character file.

143 SQman the Sneak (level 5, -1/26 HPs)
             Began as a Vine Stalker Assassin on Dec 16, 2016.
             Was a Follower of Okawaru.
             Shot with an arrow by a centaur (13 damage)
             ... on level 5 of the Dungeon.
             The game lasted 00:22:08 (3179 turns).

SQman the Sneak (Vine Stalker Assassin)             Turns: 3179, Time: 00:22:09

Health: -1/26      AC:  7    Str: 12 (14) XL:     5   Next: 25%
Magic:  0/6        EV: 11    Int: 11      God:    Okawaru [*.....]
Gold:   237        SH:  0    Dex: 13 (16) Spells: 0 memorised, 4 levels left

rFire  . . .     SeeInvis .     b - +0 blowgun
rCold  . . .     Gourm    .     j - +2 leather armour {MR+}
rNeg   . . .     Faith    .     (no shield)
rPois  .         Spirit   +     (no helmet)
rElec  .         Reflect  .     d - +0 cloak
rCorr  .         Harm     .     (no gloves)
MR     +....                    t - +0 pair of boots
Stlth  +++.......               (no amulet)
                                (no ring)
                                (no ring)

@: no status effects
A: fangs 2, regeneration 1, magic shield, antimagic bite, no device heal 3, rot
immunity
a: Heroism, Renounce Religion


You were on level 5 of the Dungeon.
You worshipped Okawaru.
Okawaru was aware of your devotion.
You were not hungry.

You visited 1 branch of the dungeon, and saw 5 of its levels.

You collected 237 gold pieces.

Inventory:

Hand Weapons
 a - a +2 dagger
 b - a +0 blowgun (weapon)
 i - a +0 hand axe
 p - a +0 dagger
Missiles
 e - 20 poisoned needles (quivered)
 f - 2 curare-tipped needles
 l - a throwing net
Armour
 c - a +0 robe
 d - a +0 cloak (worn)
 j - a +2 leather armour of magic resistance (worn)
 t - a +0 pair of boots (worn)
Scrolls
 m - 7 scrolls of identify
 o - a scroll of amnesia
 q - a scroll of teleportation
 s - a scroll of fog
Potions
 k - 3 potions of curing
 n - a potion of brilliance
Comestibles
 g - 3 bread rations
 h - a meat ration
 r - a fruit


   Skills:
 + Level 2.1 Fighting
 + Level 2.5 Short Blades
 + Level 2.2 Throwing
 + Level 1.2 Armour
 + Level 1.3 Dodging
 + Level 6.0 Stealth
 + Level 0.8 Unarmed Combat


You had 4 spell levels left.
You didn't know any spells.

Dungeon Overview and Level Annotations

Branches:
Dungeon (5/15)
 Temple: D:4-7

Altars:
Cheibriados
Elyvilon
Gozag
Kikubaaqudgha
Nemelex Xobeh
Okawaru
Qazlal
Ru
Uskayaw
Zin

Shops:
D:4 [


Innate Abilities, Weirdness & Mutations

You have extremely sharp teeth.
Your natural rate of healing is unusually fast.
When hurt, damage is shared between your health and your magic reserves.
Your bite disrupts and absorbs the magic of your enemies.
Potions and wands cannot restore your health.
You are immune to rotting.


Message History

The centaur wields a shortbow.
The centaur shoots an arrow.
The arrow hits you but does no damage.
You see here an arrow.
Wield which item (- for none, * to show all)? (? for menu, Esc to quit)
b - a +0 blowgun (weapon)
The centaur shoots an arrow.
The arrow hits you!
Firing (i - inventory. (,) - cycle):
e - 21 poisoned needles (quivered)
Press: ? - help, Shift-Dir - straight line, f - centaur
Aim: a centaur, wielding a shortbow You shoot a poisoned needle.
The poisoned needle hits the centaur.
The centaur is poisoned.
The centaur shoots an arrow.
The arrow hits you but does no damage.
The centaur shoots an arrow.
The arrow hits you but does no damage.
The centaur shoots an arrow.
The arrow hits you.
You see here an arrow.
The centaur shoots an arrow.
The arrow hits you!
You see here an arrow.
The centaur shoots an arrow.
The arrow hits you!
Ouch! That really hurt!
You die...

######.......###
...........###
.######..###
#..# #..# ###..#
#.# #....#
#....###((..#
.../...@(...♣#
#♣♣♣
#..c.####.#..♣#
#♣⌠.⌠ #.#
#.#♣..♣♣♣♣♣♣.._.
#.##♣...........
#.. ♣...........
##. #♣..........
.. ♣♣.........
.. #♣♣....♣♣♣
#♣♣♣♣#


You could see a centaur.

Vanquished Creatures
  6 adders
  An ooze (D:2)
  2 adder skeletons (D:4)
  3 worms
  2 dart slugs
  2 leopard geckos
  4 orcs
  4 giant cockroaches
  7 goblins
  7 hobgoblins
  3 jackals
  6 kobolds
  A ball python (D:3)
  A ball python skeleton (D:4)
  5 bats
  4 frilled lizards
  6 rats
64 creatures vanquished.

Notes
Turn   | Place    | Note
-------+----------+-------------------------------------------
     0 | D:1      | SQman the Vine Stalker Assassin began the quest for the Orb.
     0 | D:1      | Reached XP level 1. HP: 11/11 MP: 2/2
   168 | D:1      | Reached skill level 5 in Stealth
   390 | D:1      | Reached skill level 1 in Dodging
   390 | D:1      | Reached XP level 2. HP: 9/15 MP: 1/3
  1044 | D:2      | Found a stormy altar of Qazlal.
  1138 | D:2      | Reached XP level 3. HP: 17/18 MP: 4/4
  1534 | D:3      | Found a hide-covered altar of Uskayaw.
  1534 | D:3      | Found an opulent altar of Gozag.
  1550 | D:3      | Found a sparkling altar of Nemelex Xobeh.
  1599 | D:3      | Found a sacrificial altar of Ru.
  1602 | D:3      | Gained mutation: Your natural rate of healing is unusually fast. [Vine Stalker growth]
  1602 | D:3      | Reached XP level 4. HP: 21/23 MP: 5/5
  1785 | D:3      | Found a faded altar of an unknown god.
  1836 | D:3      | Became a worshipper of Warmaster Okawaru
  1836 | D:3      | Reached * piety under Okawaru
  2172 | D:4      | Reached skill level 1 in Armour
  2197 | D:4      | Found an ancient bone altar of Kikubaaqudgha.
  2267 | D:4      | Found Ipsey's Armour Emporium.
  2626 | D:4      | Reached XP level 5. HP: 22/26 MP: 6/6
  2635 | D:4      | Reached skill level 6 in Stealth
  3008 | D:4      | Found a glowing silver altar of Zin.
  3008 | D:4      | Found a snail-covered altar of Cheibriados.
  3110 | D:5      | Entered Level 5 of the Dungeon
  3133 | D:5      | Found a white marble altar of Elyvilon.
  3160 | D:5      | Noticed a centaur
  3179 | D:5      | Shot with an arrow by a centaur

Skill      XL: |  1  2  3  4  5 |
---------------+----------------+-----
Stealth        | 5 6 |  6.0
Dodging        | 1 |  1.3
Short Blades   | 2 |  2.5
Fighting       | 2 |  2.1
Throwing       | 2 |  2.2
Armour         | 1 |  1.2
Unarmed Combat | |  0.8

Action                   |  1- 3 |  4- 6 || total
-------------------------+-------+-------++-------
Melee: Unarmed           |    23 |       ||    23
       Bite              |    28 |    24 ||    52
       Dagger            |    79 |    79 ||   158
 Fire: Blowgun           |     1 |     8 ||     9
  Use: Scroll            |     9 |     1 ||    10
       Potion            |     5 |     2 ||     7
 Stab: Sleeping          |    10 |     6 ||    16
       Distracted        |     1 |       ||     1
  Eat: Chunk             |     2 |     1 ||     3
       Bread ration      |       |     1 ||     1
Armor: Leather armour    |    30 |    28 ||    58
Dodge: Dodged            |    52 |    27 ||    79
